 Dungeon Crawl Stone Soup version bcrawl-1.13.1-9-ga81ed0b431 (webtiles) character file.

Game seed: 12979882291609039133

87 Revguard the Ducker (level 4, -2/36 HPs)
             Began as a Demigod Archaeologist on Aug 7, 2019.
             Slain by Sigmund
             ... wielding a +0 scythe
              (10 damage)
             ... on level 2 of the Dungeon.
             The game lasted 00:05:00 (1960 turns).

Revguard the Ducker (Demigod Archaeologist)         Turns: 1960, Time: 00:05:00

Health: -2/36      AC: 12    Str: 15    XL:     4   Next: 28%
Magic:  6/6        EV: 12    Int: 18    God:    Demigod [*.....]
Gold:   58         SH:  0    Dex: 17    Spells: 3/3 levels left

rFire    . . .     SeeInvis .   n - +1 short sword
rCold    . . .     Gourm    .   (no shield)
rNeg     . . .     Faith    .   p - +3 ring mail {rPois}
rPois    +         Spirit   .   c - +1 hat
rElec    .         Reflect  .   (no cloak)
rCorr    .         Harm     .   h - +0 pair of gloves
MR       .....                  d - +1 pair of boots
Stlth    ++........             (no amulet)
HPRegen  0.12/turn              (no ring)
MPRegen  0.10/turn              (no ring)

@: about to teleport, very slightly contaminated, studying Long Blades
A: high mp 1
a: Temporal Distortion


You were on level 2 of the Dungeon.
You worshipped Demigod.
Demigod was aware of your devotion.
You were hungry.

You visited 1 branch of the dungeon, and saw 2 of its levels.

You collected 58 gold pieces.

Inventory:

Hand Weapons
 a - a +0 whip
 n - a +1 short sword (weapon)
Armour
 b - a +1 robe
 c - a +1 hat (worn)
 d - a +1 pair of boots (worn)
 h - a +0 pair of gloves (worn)
 p - a +3 ring mail of poison resistance (worn)
Scrolls
 j - 2 scrolls of remove curse
 q - 3 scrolls of blinking
 t - a scroll of identify
Potions
 o - a potion of flight
 r - a potion of curing
Books
 e - a manual of Long Blades
Miscellaneous
 f - an ancient crate
Comestibles
 g - 2 rations {!d}
 i - a chunk of flesh


   Skills:
 * Level 2.0 Fighting
 + Level 0.8(1.1) Short Blades
 * Level 1.1(1.3) Long Blades
 - Level 1.3 Maces & Flails
 * Level 1.3 Armour
 + Level 3.3 Dodging
 - Level 3.0 Stealth


You had 3 spell levels left.
You didn't know any spells.
Your spell library was empty.

Dungeon Overview and Level Annotations

Branches:
Dungeon (2/12)

Annotations:
D:2 Sigmund


Innate Abilities, Weirdness & Mutations

You have an increased reservoir of magic. (+10% MP)


Message History

As you read the scroll labeled MOMPIRH YTSU, it crumbles to dust.
It is a scroll of enchant weapon.
Your +0 short sword glows red for a moment.
Something hits you but does no damage.
You closely miss something. Something hits you but does no damage.
Blink to where?
Press: ? - help, Dir - move target cursor You are very lightly contaminated with residual magic.
As you read the scroll labeled REUBBE BULAI, it crumbles to dust.
It was a scroll of blinking.
As you read the scroll labeled YJIGAF BAMICO, it crumbles to dust.
You hear a loud clanging noise!
It was a scroll of noise.
As you read the scroll labeled NEUPRECYCU, it crumbles to dust.
You feel strangely unstable.
It was a scroll of teleportation.
Something hits you.
* * * LOW HITPOINT WARNING * * *
Something hits you!
You die...
Your divinity fades.

..>....#.#......#...#
...... #.PP.(...P.###
.... .## #P.....#†#
... #...#..P...#.# ..
....###'{.##.# .#
#............#
......#..#####
........######
..##.......@.##
#.......##..#
#.......###{#
#.......# #.#
##.....####.#
#######....# ######


There were no monsters in sight!

Vanquished Creatures
  An orc wizard (D:2)
  An ooze (D:1)
  2 worms
  2 leopard geckos
  4 orcs (D:2)
  2 bats
  4 giant cockroaches
  3 goblins (D:1)
  2 hobgoblins (D:1)
  3 jackals
  8 kobolds
  3 quokkas (D:2)
  A frilled lizard (D:1)
  6 rats
42 creatures vanquished.

Notes
Turn   | Place    | Note
-------+----------+-------------------------------------------
     0 | D:1      | Revguard the Demigod Archaeologist began the quest for the
                  | Orb.
     0 | D:1      | Reached XP level 1. HP: 15/15 MP: 3/3
    41 | D:1      | Reached skill level 1 in Fighting
    71 | D:1      | Reached skill level 1 in Maces & Flails
    80 | D:1      | Reached XP level 2. HP: 14/23 MP: 4/4
   439 | D:1      | Reached skill level 1 in Armour
  1001 | D:1      | Reached XP level 3. HP: 28/28 MP: 5/5
  1103 | D:2      | Noticed Sigmund
  1431 | D:2      | Reached * piety under Demigod
  1534 | D:2      | Reached skill level 1 in Long Blades
  1534 | D:2      | Reached XP level 4. HP: 33/36 MP: 6/6
  1960 | D:2      | Slain by Sigmund

Skill      XL: |  1  2  3  4 |
---------------+-------------+-----
Fighting       | 1 2 |  2.0
Maces & Flails | 1 |  1.3
Dodging        | 3 |  3.3
Armour         | 1 |  1.3
Long Blades    | 1 |  1.1
Short Blades   | |  0.8
Stealth        | |  3.0

Action                   |  1- 3 |  4- 6 || total
-------------------------+-------+-------++-------
Melee: Whip              |    82 |       ||    82
       Short sword       |    83 |    60 ||   143
  Use: Scroll            |     3 |     6 ||     9
 Stab: Sleeping          |     3 |       ||     3
       Distracted        |     1 |       ||     1
  Eat: Chunk             |     2 |     1 ||     3
Armor: Robe              |    52 |       ||    52
       Ring mail         |    26 |    18 ||    44
Dodge: Dodged            |   142 |    37 ||   179
